 Dungeon Crawl Stone Soup version 0.25-a0-184-gcd15a05269 (webtiles) character file.

Game seed: 9793801287650682464, levelgen mode: deterministic

12501 Bikalo the Grappler (level 11, -4/104 HPs)
             Began as a Troll Monk on Nov 27, 2019.
             Was a High Priest of Makhleb.
             Slain by a seven-headed hydra (16 damage)
             ... on level 11 of the Dungeon.
             The game lasted 00:31:55 (8834 turns).

Bikalo the Grappler (Troll Monk)                    Turns: 8834, Time: 00:31:56

Health: -4/104     AC: 12    Str: 24    XL:     11   Next: 63%
Magic:  14/14      EV: 11    Int:  6    God:    Makhleb [*****.]
Gold:   165        SH: 10    Dex: 11    Spells: 11/14 levels left

rFire    . . .     SeeInvis +     - Unarmed
rCold    . . .     Gourm    +   f - +0 shield {AC+3}
rNeg     . . .     Faith    .   a - +1 robe
rPois    +         Spirit   .   c - +1 hat
rElec    +         Reflect  .   F - +0 cloak {rPois}
rCorr    .         Harm     .   (gloves unavailable)
MR       +....                  (boots unavailable)
Stlth    +.........             (no amulet)
HPRegen  0.67/turn              E - ring of Compulsion {rElec MR+ Str+3 Dex-4 SInv}
MPRegen  0.14/turn              H - ring of see invisible

@: no status effects
A: large, unfitting armour, claws 3, fast metabolism 3, gourmand, regeneration
1, shaggy fur 1, tough skin 3
a: Minor Destruction, Lesser Servant of Makhleb, Major Destruction, Greater
Servant of Makhleb, Renounce Religion


You were on level 11 of the Dungeon.
You worshipped Makhleb.
Makhleb was extremely pleased with you.
You were completely stuffed.

You visited 2 branches of the dungeon, and saw 15 of its levels.

You collected 688 gold pieces.
You spent 523 gold pieces at shops.

Inventory:

Armour
 a - a +1 robe (worn)
 c - a +1 hat (worn)
 f - a +0 shield of protection (worn)
 F - a +0 cloak of poison resistance (worn)
Jewellery
 p - an uncursed ring of fire
 E - the ring of Compulsion (left claw) {rElec MR+ Str+3 Dex-4 SInv}
   (You bought it in a shop on level 10 of the Dungeon)

   [ring of protection from magic]

   It affects your strength (+3).
   It affects your dexterity (-4).
   It insulates you from electricity.
   It affects your resistance to hostile enchantments.
   It lets you see invisible.
 H - a ring of see invisible (right claw)
Wands
 k - a wand of paralysis (16)
 o - a wand of flame (63)
 w - a wand of polymorph (5)
 A - a wand of random effects (9)
 B - a wand of scattershot (4)
 C - a wand of acid (14)
Scrolls
 d - 4 scrolls of remove curse
 e - 3 scrolls of fear {unknown}
 h - 5 scrolls of teleportation
 l - 11 scrolls of identify
 m - 5 scrolls of amnesia
 n - 2 scrolls of enchant weapon
 r - 3 scrolls of fog {unknown}
 y - a scroll of magic mapping {unknown}
Potions
 g - 5 potions of curing
 j - a potion of might
 q - 2 potions of brilliance {unknown}
 t - a potion of haste {unknown}
 u - a potion of resistance
 v - 2 potions of flight {unknown}
 x - 2 potions of magic {unknown}
 z - a potion of mutation {unknown}
 D - a potion of lignification {unknown}
 G - a potion of degeneration {unknown}
Comestibles
 b - 19 rations


   Skills:
 + Level 5.4 Fighting
 + Level 7.2 Dodging
 - Level 1.0 Stealth
 + Level 5.0 Shields
 + Level 10.2 Unarmed Combat
 - Level 2.0 Spellcasting
 + Level 3.8 Charms
 + Level 4.2 Ice Magic
 + Level 5.8 Invocations


You had 11 spell levels left.
You knew the following spells:

 Your Spells              Type           Power        Failure   Level  Hunger
a - Ozocubu's Armour      Chrm/Ice       #.......     50%         3    ####...

Your spell library contained the following spells:

 Spells                   Type           Power        Failure   Level  Hunger
 Freeze                   Ice            #...         17%         1    ##.....
 Throw Frost              Conj/Ice       #.....       52%         2    ###....
 Animate Skeleton         Necr           N/A          67%         1    ##.....
 Pain                     Necr           #...         67%         1    ##.....
 Regeneration             Chrm/Necr      #.........   78%         3    ####...
 Corpse Rot               Necr           N/A          82%         2    ###....
 Stone Arrow              Conj/Erth      #.....       96%         3    ####...
 Vampiric Draining        Necr           #.........   96%         3    ####...
 Summon Ice Beast         Ice/Summ       #.......     99%         4    #####..
 Throw Icicle             Conj/Ice       #.......     99%         4    #####..
 Animate Dead             Necr           N/A          100%        4    #####..
 Leda's Liquefaction      Hex/Erth       #.........   100%        4    #####..
 Bolt of Magma            Conj/Fire/Erth #.........   100%        5    ######.
 Iskenderun's Battlesphe  Conj/Chrm      #.......     100%        5    ######.
 Summon Forest            Summ/Tloc      #.........   100%        5    ######.
 Venom Bolt               Conj/Pois      #.........   100%        5    ######.
 Hydra Form               Tmut           #.........   100%        6    #######
 Iron Shot                Conj/Erth      #.........   100%        6    #######
 Shadow Creatures         Summ           N/A          100%        6    #######
 Simulacrum               Ice/Necr       #.........   100%        6    #######
 Orb of Destruction       Conj           #.........   100%        7    #######
 Spellforged Servitor     Conj/Summ      #.........   100%        7    #######
 Summon Hydra             Summ           #.........   100%        7    #######


Dungeon Overview and Level Annotations

Branches:
Dungeon (14/15)            Temple (1/1) D:5            Lair (0/6) D:8
    Orc: D:9-12      Vaults: D:13-14

Altars:
Ashenzari
Cheibriados
Dithmenos
Elyvilon
Fedhas
Gozag
Hepliaklqana
Kikubaaqudgha
Makhleb
Nemelex Xobeh
Okawaru
Qazlal
Ru
Sif Muna
Trog
Uskayaw
Vehumet
Wu Jian
Xom
Yredelemnul
Zin
The Shining One
Beogh

Shops:
D:5 !   D:7 }   D:10 =

Portals:
Trove: D:10 (give +3 fire dragon scales)


Innate Abilities, Weirdness & Mutations

You are too large for most types of armour.
You have claws for hands.
Your metabolism is lightning-fast.
You like to eat raw meat.
Your natural rate of healing is unusually fast.
You are covered in fur. (AC +1)
You have extremely tough skin. (AC +3)


Message History

* * * LOW HITPOINT WARNING * * *
The seven-headed hydra bites you but does no damage.
The seven-headed hydra bites you!
* * * LOW HITPOINT WARNING * * *
Your ynoxinul hits the seven-headed hydra!
The seven-headed hydra bites your ynoxinul.
The seven-headed hydra bites your ynoxinul! x3
Your ynoxinul dies!
You feel much better.
Okay, then.
A demon appears!
The seven-headed hydra bites you!
* * * LOW HITPOINT WARNING * * *
The seven-headed hydra barely misses you.
The seven-headed hydra bites you.
* * * LOW HITPOINT WARNING * * *
The seven-headed hydra bites you.
* * * LOW HITPOINT WARNING * * *
The seven-headed hydra bites you but does no damage.
The seven-headed hydra bites you!
You die...

#.............#......#
#.............#......#
#........<....'......# .....
#.............#......# .....
#.............#......# ......
#....##...##.##....### .....#
#....###+###.##....####.....#
#.........#....3....#........
#.........#.....@D..#........
#.........#.........'........
##'#########..########'######
#...###..###### ...
#.............# .....
#.<...........# .......
#.............# .......
############### .......
#######


You could see a seven-headed hydra and a friendly ynoxinul.

Vanquished Creatures
  A two-headed ogre (D:10)
  The ghost of anet the Magician, a novice DEWz of Ashenzari (D:8)
  The ghost of Autsider the Pure, a novice FoAK of Lugonu (D:5)
  A cyclops (D:13)
  Joseph (D:8)
  Psyche (D:8)
  The ghost of Kagalorn the Caller, a novice GnSu of Cheibriados (D:5)
  A gargoyle (D:13)
  A komodo dragon (D:8)
  A hornet (D:8)
  3 slime creatures (D:11)
  Grinder (D:6)
  The ghost of an12 the Chiller, an amateur BaIE (D:3)
  A shadow (D:13)
  A wyvern (D:10)
  A yak (D:8)
  4 hungry ghosts
  3 soldier ants
  3 porcupines (D:8)
  5 orc warriors
  3 sky beasts
  An eye of draining (D:10)
  4 black bears
  5 ogres
  2 ice beasts (D:8)
  2 centaurs
  4 crocodiles
  The ghost of Gebura the Firebug, an amateur OpFE of Sif Muna (D:5)
  A big kobold (D:13)
  A gnoll sergeant (D:8)
  6 bullfrogs
  A water moccasin zombie (D:5)
  A scorpion (D:7)
  A wyvern skeleton (D:13)
  2 killer bees (D:9)
  4 centaur zombies
  5 hounds
  2 bullfrog zombies
  3 jellies
  4 orc priests
  8 orc wizards
  4 iguanas
  9 worker ants
  2 hound skeletons
  Robin (D:3)
  15 gnolls
  15 adders
  3 shadow imps
  2 worker ant simulacra (D:3)
  2 adder skeletons
  An adder zombie (D:8)
  3 worms
  3 dart slugs
  8 leopard geckos
  31 orcs
  5 giant cockroaches
  13 goblins
  8 hobgoblins
  4 jackals
  12 kobolds
  8 quokkas
  2 ball pythons
  6 bats
  2 frilled lizards
  A giant cockroach simulacrum (D:3)
  A jackal simulacrum (D:3)
  2 leopard gecko zombies (D:7)
  6 rats
263 creatures vanquished.

Vanquished Creatures (collateral kills)
  Nessos (D:13)
  3 killer bees (D:9)
4 creatures vanquished.

Vanquished Creatures (others)
  22 fungi (D:8)
  5 plants (D:8)
27 creatures vanquished.

Grand Total: 294 creatures vanquished

Notes
Turn   | Place    | Note
-------+----------+-------------------------------------------
     0 | D:1      | Bikalo the Troll Monk began the quest for the Orb.
     0 | D:1      | Reached XP level 1. HP: 22/22 MP: 0/0
   161 | D:1      | Reached XP level 2. HP: 26/29 MP: 1/1
   253 | D:1      | Found an iron altar of Okawaru.
   915 | D:2      | Reached XP level 3. HP: 36/36 MP: 2/2
   999 | D:2      | Reached skill level 4 in Unarmed Combat
  1007 | D:2      | Reached XP level 4. HP: 6/44 MP: 3/3
  1282 | D:2      | Found a bloodstained altar of Trog.
  1282 | D:2      | Found an ancient bone altar of Kikubaaqudgha.
  1288 | D:2      | Found a faded altar of an unknown god.
  1294 | D:2      | Found a faded altar of an unknown god.
  1295 | D:2      | Found a blossoming altar of Fedhas.
  1605 | D:2      | Reached XP level 5. HP: 53/53 MP: 4/4
  1936 | D:3      | You fall into a shaft and drop 2 floors!
  1936 | D:5      | Entered Level 5 of the Dungeon
  2210 | D:5      | Found a runed translucent gate.
  2211 | D:5      | Found a runed translucent gate.
  2212 | D:5      | Found a runed translucent gate.
  2264 | D:5      | Noticed Kagalorn's ghost (novice GnSu)
  2264 | D:5      | Noticed Autsider's ghost (novice FoAK)
  2264 | D:5      | Noticed Gebura's ghost (amateur OpFE)
  2309 | D:5      | Killed Autsider's ghost
  2309 | D:5      | Reached skill level 6 in Unarmed Combat
  2309 | D:5      | Reached XP level 6. HP: 16/62 MP: 5/5
  2309 | D:5      | Reached XP level 7. HP: 18/70 MP: 6/6
  2326 | D:5      | Killed Gebura's ghost
  2332 | D:5      | Killed Kagalorn's ghost
  2332 | D:5      | Reached skill level 7 in Unarmed Combat
  2332 | D:5      | Reached XP level 8. HP: 22/79 MP: 7/7
  2541 | D:5      | Found a staircase to the Ecumenical Temple.
  2559 | Temple   | Entered the Ecumenical Temple
  2723 | Temple   | Became a worshipper of Makhleb the Destroyer
  2723 | Temple   | Reached * piety under Makhleb
  2723 | Temple   | Reached ** piety under Makhleb
  2904 | D:5      | Found Senathry's Distillery.
  2919 | D:5      | Bought a potion of curing for 30 gold pieces
  3033 | D:5      | Reached skill level 1 in Invocations
  3336 | D:4      | Identified a scroll of acquirement
  3345 | D:4      | Reached skill level 5 in Fighting
  3345 | D:4      | Reached skill level 8 in Unarmed Combat
  3357 | D:4      | Reached skill level 5 in Dodging
  3645 | D:3      | Noticed an12's ghost (amateur BaIE)
  3668 | D:3      | Found a runed translucent gate.
  3668 | D:3      | Found a runed translucent gate.
  3668 | D:3      | Found a runed translucent gate.
  3671 | D:3      | Noticed Robin
  3681 | D:3      | Killed Robin
  3773 | D:3      | Killed an12's ghost
  3773 | D:3      | Reached skill level 1 in Shields
  3967 | D:3      | Reached *** piety under Makhleb
  4539 | D:6      | Found a glowing silver altar of Zin.
  4561 | D:6      | Reached XP level 9. HP: 45/88 MP: 9/9
  4736 | D:6      | Learned a level 3 spell: Ozocubu's Armour
  4855 | D:6      | Noticed Grinder
  4860 | D:6      | Killed Grinder
  5012 | D:6      | Reached skill level 1 in Ice Magic
  5028 | D:6      | Reached skill level 1 in Charms
  5038 | D:6      | Identified Ivvoteud's Compendium of Supportive Cold
  5295 | D:7      | Found Boyco's Gadget Shoppe.
  5341 | D:7      | Reached skill level 1 in Spellcasting
  5530 | D:7      | Reached skill level 9 in Unarmed Combat
  5707 | D:8      | Reached **** piety under Makhleb
  5869 | D:8      | Noticed Psyche
  5879 | D:8      | Killed Psyche
  5879 | D:8      | Reached XP level 10. HP: 68/96 MP: 11/11
  5891 | D:8      | Found a runed translucent gate.
  5891 | D:8      | Found a runed translucent gate.
  5891 | D:8      | Identified the +5 morningstar of Analysis {flame, rPois
                  | Stlth+}
  5891 | D:8      | Identified the +7 plate armour of Divine Compulsion {+Fly
                  | rC- MR- Str+9}
  5892 | D:8      | Found a runed translucent gate.
  5892 | D:8      | Found a roughly hewn altar of Beogh.
  5894 | D:8      | Noticed anet's ghost (novice DEWz)
  5990 | D:8      | Found a staircase to the Lair.
  5996 | D:8      | Noticed Joseph
  6048 | D:8      | Killed Joseph
  6334 | D:8      | Paralysed by a hornet for 2 turns
  6353 | D:8      | Reached ***** piety under Makhleb
  6600 | D:8      | Killed anet's ghost
  7213 | D:9      | Reached skill level 5 in Invocations
  7375 | D:10     | Entered Level 10 of the Dungeon
  7388 | D:10     | Reached XP level 11. HP: 89/104 MP: 13/13
  7510 | D:10     | Noticed a two-headed ogre
  7523 | D:10     | Killed a two-headed ogre
  7694 | D:10     | Found Raol's Jewellery Emporium.
  7697 | D:10     | Bought the ring of Compulsion {rElec MR+ Str+3 Dex-4 SInv}
                  | for 493 gold pieces
  7886 | D:10     | Found a portal to a secret trove of treasure.
  8114 | D:11     | You fall into a shaft and drop 3 floors!
  8114 | D:14     | Found a snail-covered altar of Cheibriados.
  8141 | D:13     | Reached skill level 10 in Unarmed Combat
  8280 | D:13     | Noticed Nessos
  8292 | D:13     | HP: 3/104 [Nessos/arrow (12)]
  8305 | D:13     | Killed Nessos
  8768 | D:11     | Reached skill level 5 in Shields
  8807 | D:11     | Noticed a five-headed hydra
  8834 | D:11     | Slain by a seven-headed hydra

Levels and vault maps discovered:
D:1:      evilmike_arrival_hilbert_curve, layout_basic,
          okawaru_ov_weapons_minmay
D:2:      layout_basic, chequers_temple_overflow_minitemple
D:3:      layout_loops_ring, gammafunk_ghost_icy, uniq_robin
D:4:      layout_loops_ring, serial_bayou, serial_bayou_crossing,
          serial_bayou_pond_b, serial_bayou_lake_a, serial_bayou_pond_a,
          minmay_misc_feat_four_crosses
D:5:      layout_rooms, minmay_temple_entry_enclosed_plants, first_ration,
          gammafunk_ghost_cemetery, serial_shops, shop,
          hangedman_abyss_or_decor_slice, kennysheep_crisscross
D:6:      layout_loops_ring, old_standard_altar,
          minmay_a_box_with_orc_wizards_in_it, uniq_grinder
D:7:      layout_rooms, serial_shops, shop
D:8:      layout_rooms, due_lair_maze_entry_diamond, biasface_ghost_orc_armoury,
          hangedman_pestilent_swarm, kennysheep_generic_room_7, uniq_joseph,
          uniq_psyche
D:9:      layout_irregular_city
D:10:     layout_loops_ring, serial_shops, shop, enter_trove_3
D:11:     layout_gridville
D:12:     layout_basic, zombieorc2_lemuel, grunt_qazlal_clouds
D:13:     minmay_shrinking_squares, layout_stronghold, uniq_nessos
D:14:     layout_cave_pools, david_vaults_4, minmay_stone_trees_large,
          cheibriados_altar_1
Temple:   hc_temple_tempest_star

Skill      XL: |  1  2  3  4  5  6  7  8  9 10 11 |
---------------+----------------------------------+-----
Unarmed Combat | 4 6 7 8 9 10 | 10.2
Fighting       | 3 4 5 |  5.4
Dodging        | 3 4 5 6 7 |  7.2
Invocations    | 2 3 5 |  5.8
Shields        | 1 2 4 5 |  5.0
Ice Magic      | 2 3 4 |  4.2
Charms         | 1 3 |  3.8
Spellcasting   | 1 2 |  2.0
Stealth        | |  1.0

Action                   |  1- 3 |  4- 6 |  7- 9 | 10-12 || total
-------------------------+-------+-------+-------+-------++-------
Melee: Unarmed           |    68 |   114 |   357 |   433 ||   972
       Punch             |       |     3 |     2 |       ||     5
Invok: Minor Destruction |       |       |     5 |     3 ||     8
       Lesser Servant of |       |       |       |     4 ||     4
  Use: Potion            |       |     2 |     1 |    10 ||    13
       Scroll            |       |       |    10 |     2 ||    12
 Stab: Sleeping          |     1 |     3 |       |     4 ||     8
       Distracted        |       |       |       |     1 ||     1
       Invisible         |       |       |       |     1 ||     1
  Eat: Chunk             |     5 |    16 |    36 |    38 ||    95
       Ration            |     1 |       |       |     4 ||     5
Armor: Robe              |    16 |    44 |   126 |   118 ||   304
Dodge: Dodged            |    37 |    60 |   180 |   177 ||   454
Block: Shield            |       |       |   119 |   167 ||   286

Table legend:
 A = Non-vault XP
 B = Vault XP
 C = Vault XP percentage of total XP
 D = Non-vault monster count
 E = Vault monster count
 F = Vault count percentage of total count
                 A         B        C        D         E       F
            +---------+---------+-------+---------+---------+-------
      Total |   10505 |    7354 |  41.2 |     216 |      51 |  19.1
            +---------+---------+-------+---------+---------+-------
        D:1 |      26 |       0 |   0.0 |      15 |       0 |   0.0
        D:2 |     172 |       0 |   0.0 |      35 |       0 |   0.0
        D:3 |     100 |     310 |  75.6 |      22 |      12 |  35.3
        D:4 |     319 |     123 |  27.8 |      10 |       4 |  28.6
        D:5 |     411 |    1267 |  75.5 |      14 |       3 |  17.6
        D:6 |     661 |     426 |  39.2 |      20 |       5 |  20.0
        D:7 |     919 |       0 |   0.0 |      20 |       0 |   0.0
        D:8 |    1614 |    3920 |  70.8 |      28 |      26 |  48.1
        D:9 |     684 |       0 |   0.0 |      16 |       0 |   0.0
       D:10 |    1575 |       0 |   0.0 |      11 |       0 |   0.0
       D:11 |    1088 |       0 |   0.0 |       7 |       0 |   0.0
       D:12 |     555 |       0 |   0.0 |       2 |       0 |   0.0
       D:13 |    2381 |    1308 |  35.5 |      16 |       1 |   5.9
            +---------+---------+-------+---------+---------+-------
